 Dungeon Crawl Stone Soup version 0.26-a0-639-g72c4674329 (webtiles) character file.

Game seed: 7307315297759500762

83 Borgoz the Cudgeler (level 4, 0/29 HPs)
             Began as a Gargoyle Berserker on Sept 18, 2020.
             Was a Believer of Trog.
             Killed from afar by an orc wizard (8 damage)
             ... with a puff of frost
             ... on level 3 of the Dungeon.
             The game lasted 00:01:11 (1366 turns).

Borgoz the Cudgeler (Gargoyle Berserker)            Turns: 1366, Time: 00:01:11

Health: 0/29       AC:  9    Str: 20    XL:     4   Next: 44%
Magic:  4/4        EV: 11    Int:  8    God:    Trog [**....]
Gold:   46         SH:  0    Dex: 10    Spells: 3/3 levels left

rFire    . . .     SeeInvis .   a - +0 mace
rCold    . . .     Faith    .   (no shield)
rNeg     + . .     Spirit   .   g - +0 ring mail
rPois    ∞         Reflect  .   (no helmet)
rElec    +         Harm     .   (no cloak)
rCorr    .         Rampage  .   (no gloves)
MR       .....                  (no boots)
Stlth    ..........             (no amulet)
HPRegen  0.09/turn              (no ring)
MPRegen  0.09/turn              (no ring)

@: slowed, very slow
A: negative energy resistance 1, electricity resistance, unbreathing,
petrification resistance, rot immunity, AC +3
a: Berserk, Trog's Hand, Renounce Religion


You were on level 3 of the Dungeon.
You worshipped Trog.
Trog was pleased with you.
You visited 1 branch of the dungeon, and saw 4 of its levels.

You collected 46 gold pieces.

Inventory:

Hand Weapons
 a - a +0 mace (weapon)
Armour
 g - a +0 ring mail (worn)
Scrolls
 c - 2 scrolls of identify {unknown}
 d - a scroll of magic mapping {unknown}
 j - a scroll of amnesia {unknown}
 l - a scroll of fog {unknown}
Potions
 b - a potion of stabbing {unknown}
 e - a potion of ambrosia {unknown}
 f - 2 potions of curing {unknown}
 h - a potion of cancellation {unknown}
 i - 2 potions of might {unknown}
 k - a potion of haste {unknown}


   Skills:
 + Level 3.7 Fighting
 * Level 3.8 Maces & Flails
 + Level 2.8 Armour
 * Level 2.5 Dodging


You had 3 spell levels left.
You didn't know any spells.
Your spell library was empty.

Dungeon Overview and Level Annotations

Branches:
Dungeon (4/15)
 Temple: D:4-7

Altars:


Innate Abilities, Weirdness & Mutations

You are resistant to torment.
Your stone body is resilient. (AC +3)
You are immune to poison.
You resist negative energy. (rN+)
You are resistant to electric shocks. (rElec)
You can survive without breathing.
You are immune to petrification.
You are immune to rotting.


Message History

You barely miss something.
The orc wizard hits you with a +0 dagger.
The orc barely misses you. The orc wizard closely misses you.
Something hits you but does no damage. The orc hits you but does no damage.
The orc wizard hits you but does no damage.
Something hits you but does no damage.
You miss something.
The orc wizard hits you but does no damage.
You hear some strange, mumbled words.
A puff of frost appears from out of thin air!
The puff of frost hits you but does no damage.
The orc barely misses you.
The orc wizard hits you but does no damage.
Something hits you but does no damage. The orc hits you but does no damage.
Something hits you.
* * * LOW HITPOINT WARNING * * *
You hear some strange, mumbled words.
A puff of frost appears from out of thin air!
The puff of frost hits you!
You die...

.... ..... ..... ....#
#.#.####. #.#.
####.#...... $..
#..o....... #..
#.).{.)##..# #..
#..o@....... #..
#.$#.#.##...
#..########..#.#.#
#(......>....#...
#...########.#.#. ..
#...# ###.....###.#.
## #...###.†..†[##
#....
#.......#.##..###.#..#
##.............#. ..#


You could see an orc wizard (fast) and an orc.

Vanquished Creatures
  An orc wizard (D:3)
  3 adders
  A dart slug (D:2)
  An orc (D:3)
  3 giant cockroaches
  3 goblins (D:1)
  5 hobgoblins
  2 kobolds (D:1)
  A quokka (D:4)
  4 bats
  6 rats
30 creatures vanquished.

Notes
Turn   | Place    | Note
-------+----------+-------------------------------------------
     0 | D:1      | Borgoz the Gargoyle Berserker began the quest for the Orb.
     0 | D:1      | Reached XP level 1. HP: 14/14 MP: 1/1
   326 | D:1      | Reached XP level 2. HP: 19/19 MP: 2/2
   880 | D:2      | Reached XP level 3. HP: 13/23 MP: 3/3
  1223 | D:2      | You fall into a shaft and drop 2 floors!
  1354 | D:3      | Reached XP level 4. HP: 29/29 MP: 4/4
  1355 | D:3      | Reached ** piety under Trog
  1366 | D:3      | Killed from afar by an orc wizard

Illustrated notes

Levels and vault maps discovered:
D:1:      onia_arrival_mini_spirals, layout_loops_ring
D:2:      layout_basic, bloody_trog, minmay_tiny_reverse_x
D:3:      layout_loops_ring, lemuel_round_altar, grunt_decor_one_mirror,
          kennysheep_decorative_pillar, makhleb_heckhound_becter
D:4:      layout_cave_pools, minmay_shop_mass

Skill      XL: |  1  2 |
---------------+-------+-----
Dodging        | 2 |  2.5
Fighting       | |  3.7
Maces & Flails | |  3.8
Armour         | |  2.8

Action                   |  1- 3 |  4- 6 || total
-------------------------+-------+-------++-------
Melee: Mace              |   106 |    11 ||   117
Armor: Animal skin       |    13 |       ||    13
       Ring mail         |    52 |    20 ||    72
Dodge: Dodged            |    79 |    15 ||    94

Table legend: (Time is in decaauts)
 A = Elapsed time spent in this place.
 B = Non-inter-level travel time spent in this place.
 C = Inter-level travel time spent in this place.
 D = Time resting spent in this place.
 E = Time spent auto-exploring this place.
 F = Levels seen in this place.
 G = Mean time per level.
                   A        B        C        D        E       F      G
               +--------+--------+--------+--------+--------+-----+--------+
         Total |   1394 |   1383 |     11 |    136 |    983 |   4 |  348.5 |
       Dungeon |   1394 |   1383 |     11 |    136 |    983 |   4 |  348.5 |
               +--------+--------+--------+--------+--------+-----+--------+

Top non-repeatable levels by time:
     D:1: 761 daAuts
     D:2: 479 daAuts
     D:3: 103 daAuts
     D:4: 50 daAuts
